 Dungeon Crawl Stone Soup version 0.25-a0-156-g0c4bda3fdf (webtiles) character file.

Game seed: 3772487681003008115, levelgen mode: deterministic

319 vurker the Skirmisher (level 6, -2/49 HPs)
             Began as a Formicid Abyssal Knight on Nov 20, 2019.
             Was a Believer of Lugonu.
             Killed from afar by an orc wizard (6 damage)
             ... with a magic dart
             ... on level 4 of the Dungeon.
             The game lasted 00:04:48 (4137 turns).

vurker the Skirmisher (Formicid Abyssal Knight)     Turns: 4137, Time: 00:04:48

Health: -2/49      AC:  6    Str: 18    XL:     6   Next: 74%
Magic:  9/9        EV: 15    Int: 12    God:    Lugonu [**....]
Gold:   96         SH:  4    Dex: 15    Spells: 5/5 levels left

rFire    . . .     SeeInvis +   w - +0 broad axe
rCold    . . .     Gourm    .   p - +0 buckler
rNeg     . . .     Faith    .   h - +0 ring mail
rPois    .         Spirit   .   (helmet unavailable)
rElec    .         Reflect  .   (no cloak)
rCorr    +         Harm     .   (no gloves)
MR       .....                  o - +0 pair of boots
Stlth    ++........             (no amulet)
HPRegen  0.16/turn              j - ring of resist corrosion
MPRegen  0.11/turn              (no ring)

@: agile
A: permanent stasis, dig shafts and tunnels, four strong arms, antennae 3
a: Dig, Shaft Self, Depart the Abyss, Bend Space, Renounce Religion


You were on level 4 of the Dungeon.
You worshipped Lugonu.
Lugonu was pleased with you.
You were hungry.

You visited 1 branch of the dungeon, and saw 4 of its levels.
You visited the Abyss 1 time.

You collected 96 gold pieces.

Inventory:

Hand Weapons
 w - a +0 broad axe (weapon)
   (You found it on level 4 of the Dungeon)
Armour
 h - a +0 ring mail (worn)
   (You found it on level 1 of the Dungeon)
 o - a +0 pair of boots (worn)
   (You found it on level 1 of the Dungeon)
 p - a +0 buckler (worn)
   (You found it on level 2 of the Dungeon)
Jewellery
 j - a ring of resist corrosion (left hand)
   (You found it on level 1 of the Dungeon)
Scrolls
 c - 2 scrolls of enchant armour {unknown}
 f - a scroll of fear {unknown}
 i - a scroll of immolation {unknown}
 k - 3 scrolls of teleportation {unknown}
 m - 2 scrolls of amnesia {unknown}
 q - a scroll of noise {unknown}
 s - a scroll of identify
 t - a scroll of random uselessness {unknown}
 v - 2 scrolls of magic mapping {unknown}
Potions
 d - 2 potions of resistance
 l - 2 potions of magic
 n - a potion of curing {unknown}
Comestibles
 e - 5 rations


   Skills:
 + Level 4.6 Fighting
 * Level 4.5 Axes
 - Level 2.1 Armour
 - Level 0.8 Dodging
 - Level 2.4 Shields
 + Level 4.0 Invocations


You had 5 spell levels left.
You didn't know any spells.
Your spell library was empty.

Dungeon Overview and Level Annotations

Branches:
Dungeon (4/15)
 Temple: D:4-7

Altars:


Innate Abilities, Weirdness & Mutations

You cannot be hasted, slowed, berserked, paralysed or teleported.
You can dig through walls and to a lower floor.
Your four strong arms can wield two-handed weapons with a shield.
You have a pair of large antennae on your head. (SInv)


Message History

You completely miss the orc wizard.
The orc wizard hits you but does no damage.
The orc wizard points at you and mumbles some strange words.
The magic dart hits you!
* * * LOW HITPOINT WARNING * * *
You miss the orc wizard.
The orc wizard gestures at you while chanting.
You resist with some effort.
The orc wizard hits you with a +0 dagger of flaming.
* * * LOW HITPOINT WARNING * * *
The orc wizard burns you.
* * * LOW HITPOINT WARNING * * *
You miss the orc wizard. The orc wizard closely misses you.
The orc wizard hits you but does no damage.
You closely miss the orc wizard.
The orc wizard hits you with a +0 dagger of flaming.
* * * LOW HITPOINT WARNING * * *
The orc wizard burns you.
* * * LOW HITPOINT WARNING * * *
The orc wizard gestures at you while chanting.
You resist with some effort.
You closely miss the orc wizard. The orc wizard barely misses you. x2
You barely miss the orc wizard.
The orc wizard hits you with a +0 dagger of flaming.
* * * LOW HITPOINT WARNING * * *
The orc wizard burns you.
* * * LOW HITPOINT WARNING * * *
The orc wizard barely misses you.
You aren't carrying any items that you can evoke.
Unknown command.
It was a potion of berserk rage.
Your stasis prevents you from going berserk.
The orc wizard hits you but does no damage.
It was a potion of haste.
Your stasis prevents you from being hasted.
The orc wizard hits you with a +0 dagger of flaming.
* * * LOW HITPOINT WARNING * * *
The orc wizard burns you.
* * * LOW HITPOINT WARNING * * *
The orc wizard hits you but does no damage.
It was a potion of agility.
You feel agile all of a sudden. You block the orc wizard's attack.
You closely miss the orc wizard.
The orc wizard hits you but does no damage.
The orc wizard mumbles some strange words.
The orc wizard blinks!
The orc wizard casts a spell at you. The magic dart hits you.
You die...

######## #.# #.. ..#
#.# #.# #.# #.#
#####o####.###.#######
#.....)...............
#.###.####.#.....####.
###.###.# #.##...##
........####.###.##
.##.###.@....# #.#
#.###### #.# #.# #+#
..# ####


You could see an orc wizard.

Vanquished Creatures
  A howler monkey (D:4)
  2 orc wizards
  Jessica (D:2)
  An iguana (D:4)
  6 adders
  An ooze (D:3)
  2 worms (D:2)
  6 dart slugs
  A leopard gecko (D:3)
  8 orcs
  A ball python (D:1)
  4 bats
  A giant cockroach (D:3)
  8 goblins
  10 hobgoblins
  5 jackals (D:3)
  16 kobolds
  2 quokkas (D:4)
  3 frilled lizards
  10 rats
89 creatures vanquished.

Notes
Turn   | Place    | Note
-------+----------+-------------------------------------------
     0 | Abyss:1  | vurker the Formicid Abyssal Knight began the quest for the
                  | Orb.
     0 | Abyss:1  | Reached XP level 1. HP: 18/18 MP: 2/2
    23 | Abyss:1  | Found a corrupted altar of Lugonu.
    67 | D:1      | Escaped the Abyss
   380 | D:1      | Reached XP level 2. HP: 21/24 MP: 3/3
  1197 | D:2      | Reached XP level 3. HP: 26/29 MP: 4/4
  1517 | D:2      | Reached XP level 4. HP: 37/37 MP: 6/6
  1564 | D:2      | Reached ** piety under Lugonu
  2046 | D:2      | Noticed Jessica
  2058 | D:2      | Reached skill level 1 in Shields
  2068 | D:2      | Killed Jessica
  2068 | D:2      | Reached XP level 5. HP: 39/42 MP: 7/7
  2988 | D:3      | Reached XP level 6. HP: 47/48 MP: 8/8
  4137 | D:4      | Killed from afar by an orc wizard

Levels and vault maps discovered:
D:1:      scummos_arrival_star, layout_loops_cross
D:2:      minmay_general_purpose_star, layout_basic, uniq_jessica
D:3:      layout_rooms, kennysheep_generic_room_10
D:4:      layout_loops_corners

Skill      XL: |  1  2  3  4  5  6 |
---------------+-------------------+-----
Axes           | 3 4 |  4.5
Invocations    | 3 4 |  4.0
Shields        | 1 2 |  2.4
Fighting       | 4 |  4.6
Armour         | |  2.1
Dodging        | |  0.8

Action                   |  1- 3 |  4- 6 || total
-------------------------+-------+-------++-------
Melee: Hand axe          |    96 |   218 ||   314
       Broad axe         |       |    39 ||    39
  Use: Scroll            |       |     2 ||     2
       Potion            |       |     3 ||     3
  Eat: Chunk             |     2 |     8 ||    10
Armor: Leather armour    |     5 |       ||     5
       Ring mail         |    22 |    98 ||   120
Dodge: Dodged            |    42 |   125 ||   167
Block: Buckler           |     5 |    51 ||    56

Table legend:
 A = Non-vault XP
 B = Vault XP
 C = Vault XP percentage of total XP
 D = Non-vault monster count
 E = Vault monster count
 F = Vault count percentage of total count
                 A         B        C        D         E       F
            +---------+---------+-------+---------+---------+-------
      Total |     398 |      58 |  12.7 |      84 |       5 |   5.6
            +---------+---------+-------+---------+---------+-------
        D:1 |      28 |       0 |   0.0 |      16 |       0 |   0.0
        D:2 |     130 |      56 |  30.1 |      25 |       4 |  13.8
        D:3 |     117 |       2 |   1.7 |      33 |       1 |   2.9
        D:4 |     123 |       0 |   0.0 |      10 |       0 |   0.0
            +---------+---------+-------+---------+---------+-------
